 Dungeon Crawl Stone Soup version 0.18-a0-1179-g120c792 (webtiles) character file.

2610 Oddball22 the Covert (level 9, -7/53 HPs)
             Began as an Octopode Artificer on Jan 27, 2016.
             Mangled by a yak (12 damage)
             ... on level 8 of the Dungeon.
             The game lasted 00:19:32 (7013 turns).

Oddball22 the Covert (Octopode Artificer)           Turns: 7013, Time: 00:19:32

Health: -7/53      AC:  1    Str: 12    XL:     9   Next: 59%
Magic:  13/13      EV: 15    Int: 15    God:
Gold:   286        SH:  0    Dex: 15    Spells: 2 memorised, 9 levels left

rFire  + + .     SeeInvis +     m - +5 short sword
rCold  + . .     Gourm    .     (no shield)
rNeg   . . .     Faith    .     (helmet restricted)
rPois  .         Spirit   .     (no amulet)
rElec  .         Dismiss  .     j - ring of see invisible
rCorr  .         Reflect  .     (no ring)
SustAt .         Harm     .     r - +2 ring of strength
MR     .....                    y - ring of protection from fire
Stlth  +++++++...               D - ring of protection from cold
                                I - ring of protection from fire
                                (no ring)
                                (no ring)

@: not resistant to hostile enchantments, extremely stealthy
A: almost no armour, amphibious, 8 rings, constrict 8, camouflage 1, gelatinous
body 1
a: no special abilities


You were on level 8 of the Dungeon.
You were not hungry.

You visited 2 branches of the dungeon, and saw 9 of its levels.

You collected 346 gold pieces.
You spent 60 gold pieces at shops.

Inventory:

Hand Weapons
 m - a +5 short sword (weapon)
Missiles
 h - 54 poisoned needles
Armour
 S - a +2 large shield
Jewellery
 a - an uncursed ring of loudness
 j - a ring of see invisible (left tentacle)
 r - a +2 ring of strength (on tentacle)
 y - a ring of protection from fire (on tentacle)
 D - a ring of protection from cold (on tentacle)
 I - a ring of protection from fire (on tentacle)
Wands
 b - a wand of flame (2/48)
 c - a wand of enslavement (14/24)
 d - a wand of random effects (0/48)
 g - a wand of confusion (9/48)
 u - a wand of flame (31/48)
Scrolls
 e - 7 scrolls of identify
 k - 4 scrolls of random uselessness
 l - 2 scrolls of magic mapping
 o - 3 scrolls of remove curse
 z - a scroll of blinking
 A - a scroll of immolation
 C - 2 scrolls of enchant weapon
 F - 2 scrolls of fog {unknown}
 G - 5 scrolls of teleportation
 K - a scroll of acquirement {unknown}
 M - a scroll of recharging {unknown}
Potions
 i - 2 potions of invisibility {unknown}
 n - 2 potions of resistance {unknown}
 p - a potion of might {unknown}
 q - a potion of lignification {unknown}
 s - a potion of flight {unknown}
 v - a potion of mutation {unknown}
 w - a potion of agility {unknown}
 x - 3 potions of poison {unknown}
 B - 5 potions of curing
 H - a potion of ambrosia {unknown}
 L - a potion of magic {unknown}
 N - a potion of haste
 O - 2 potions of brilliance {unknown}
Books
 J - a book of Air

   Spells                             Type                      Level
   a - Shock                          Conjuration/Air              1
   b - Swiftness                      Charms/Air                   2
   c - Repel Missiles                 Charms/Air                   2
   d - Static Discharge               Conjuration/Air              3
   e - Lightning Bolt                 Conjuration/Air              5
 P - a book of Minor Magic

   Spells                             Type                      Level
   a - Magic Dart                     Conjuration                  1
   b - Blink                          Translocation                2
   c - Call Imp                       Summoning                    2
   d - Repel Missiles                 Charms/Air                   2
   e - Slow                           Hexes                        2
   f - Conjure Flame                  Conjuration/Fire             3
   g - Mephitic Cloud                 Conjuration/Poison/Air       3
 Q - a book of Annihilations

   Spells                             Type                      Level
   a - Poison Arrow                   Conjuration/Poison           6
   b - Chain Lightning                Conjuration/Air              8
   c - Lehudib's Crystal Spear        Conjuration/Earth            8
   d - Glaciate                       Conjuration/Ice              9
   e - Fire Storm                     Conjuration/Fire             9
Comestibles
 f - 2 bread rations
 t - 2 fruits
 E - 4 meat rations
 R - 2 slices of pizza
 T - a beef jerky
 U - a chunk of flesh


   Skills:
 - Level 1.0 Fighting
 - Level 5.3 Short Blades
 - Level 5.2 Dodging
 - Level 10.5 Stealth
 + Level 2.9 Spellcasting
 + Level 3.4 Charms
 * Level 5.1 Air Magic
 - Level 3.2 Evocations


You had 9 spell levels left.
You knew the following spells:

 Your Spells              Type           Power        Failure   Level  Hunger
a - Repel Missiles        Chrm/Air       ###...       6%          2    ##.....
b - Swiftness             Chrm/Air       ###.....     6%          2    ##.....


Dungeon Overview and Level Annotations

Branches:
Dungeon (8/15)             Temple (1/1) D:4
   Lair: D:8-11

Altars:
Ashenzari
Dithmenos
Elyvilon
Fedhas
Gozag
Kikubaaqudgha
Makhleb
Nemelex Xobeh
Qazlal
Sif Muna
Trog
Vehumet
Xom
Yredelemnul
The Shining One

Shops:
D:4 *   D:7 *


Innate Abilities, Weirdness & Mutations

You cannot wear most types of armour.
You are amphibious.
You can wear up to eight rings at the same time.
You can use your tentacles to constrict eight enemies at once.
Your skin changes colour to match your surroundings (Stealth).
Your rubbery body absorbs attacks (AC +1).


Message History

You constrict the plant, but do no damage.
You release your grip on the plant.
You puncture the sheep! You grab the sheep. You squeeze the sheep!
You kill the sheep!
You hit the yak.
The yak is lightly wounded.
The yak gores you.
You hit the yak. You squeeze the yak!
The yak is heavily wounded.
The yak gores you!
You hit the yak but do no damage.
The yak is heavily wounded.
The yak gores you!!
The sheep splashes around in the water.
The yak gores you!
* * * LOW HITPOINT WARNING * * *
You hit the yak but do no damage.
The yak is heavily wounded.
The yak closely misses you. The sheep bites you!
* * * LOW HITPOINT WARNING * * *
The yak gores you!
You die...

.>...........##########
...........###.....#.%#
.........##..#≈..$.'.%#
.........##..#..P%.'..#
..........#..(≈...%'..#
.<........#..#.....#..#
..(..........#≈.P≈P##+#
.............#PYYY≈#
.............#PP@P.+
.............#######
................#
..........###...#
................#
..).............#
.....###........#
.....# ######...#
.....# #####


You could see 2 yaks and a sheep.

Vanquished Creatures
  Joseph (D:8)
  Grinder (D:6)
  A two-headed ogre (D:7)
  2 phantoms
  2 centaurs
  3 ogres
  A crocodile (D:4)
  3 big kobolds
  2 giant frogs (D:7)
  5 scorpions
  3 crimson imps
  A giant frog skeleton (D:5)
  A hound (D:6)
  An orc priest (D:6)
  An orc wizard (D:6)
  2 centaur skeletons
  Terence (D:2)
  3 iguanas
  3 worker ants
  A sheep (D:8)
  A hound zombie (D:5)
  2 worker ant zombies
  11 adders
  An ooze (D:5)
  3 adder skeletons
  3 giant geckos
  7 orcs
  3 ball pythons
  5 giant cockroaches
  4 goblins
  9 hobgoblins
  12 jackals
  10 kobolds
  6 quokkas
  17 bats
  A giant gecko zombie (D:5)
  8 giant newts
  2 quokka skeletons (D:4)
  7 rats
150 creatures vanquished.

Vanquished Creatures (collateral kills)
  An iguana (D:6)
1 creature vanquished.

Vanquished Creatures (others)
  An orc wizard (D:8)
  An adder (D:8)
  A fungus (D:5)
3 creatures vanquished.

Grand Total: 154 creatures vanquished

Notes
Turn   | Place    | Note
--------------------------------------------------------------
     0 | D:1      | Oddball22 the Octopode Artificer began the quest for the Orb.
     0 | D:1      | Reached XP level 1. HP: 13/13 MP: 3/3
   208 | D:1      | Reached XP level 2. HP: 13/18 MP: 4/4
   885 | D:2      | Reached XP level 3. HP: 23/23 MP: 5/5
   989 | D:2      | Noticed Terence
  1045 | D:2      | Reached XP level 4. HP: 28/28 MP: 6/6
  1215 | D:2      | Found a sparkling altar of Nemelex Xobeh.
  1384 | D:2      | Killed Terence
  1384 | D:2      | Reached skill level 4 in Stealth
  1480 | D:2      | Found a bloodstained altar of Trog.
  1776 | D:2      | Reached XP level 5. HP: 33/33 MP: 7/7
  1856 | D:3      | Found a stormy altar of Qazlal.
  1860 | D:3      | Found a white marble altar of Elyvilon.
  2274 | D:3      | Found an opulent altar of Gozag.
  2894 | D:3      | Found a shimmering altar of Xom.
  3115 | D:4      | Found a radiant altar of Vehumet.
  3157 | D:4      | Noticed a crocodile
  3170 | D:4      | Reached skill level 5 in Stealth
  3180 | D:4      | Reached XP level 6. HP: 18/38 MP: 8/8
  3406 | D:4      | Noticed a phantom
  3434 | D:4      | Found Manug's General Store.
  3442 | D:4      | Bought a scroll of teleportation for 30 gold pieces
  3442 | D:4      | Bought a potion of curing for 30 gold pieces
  3509 | D:4      | Reached skill level 6 in Stealth
  4005 | D:4      | Killed a phantom
  4005 | D:4      | Reached skill level 7 in Stealth
  4005 | D:4      | Reached XP level 7. HP: 28/43 MP: 9/9
  4023 | D:4      | Found a staircase to the Ecumenical Temple.
  4028 | Temple   | Entered the Ecumenical Temple
  4486 | D:5      | Entered Level 5 of the Dungeon
  4630 | D:5      | Reached skill level 8 in Stealth
  5022 | D:5      | Reached XP level 8. HP: 48/48 MP: 10/10
  5078 | D:5      | Reached skill level 9 in Stealth
  5407 | D:5      | Reached skill level 5 in Short Blades
  5594 | D:6      | Reached skill level 5 in Dodging
  5636 | D:6      | Noticed Grinder
  5666 | D:6      | Found a glowing drain.
  5690 | D:6      | Reached skill level 10 in Stealth
  5780 | D:6      | Found a burning altar of Makhleb.
  6356 | D:6      | Learned a level 2 spell: Repel Missiles
  6359 | D:6      | Learned a level 2 spell: Swiftness
  6383 | D:6      | Killed Grinder
  6383 | D:6      | Reached skill level 1 in Spellcasting
  6383 | D:6      | Reached skill level 1 in Charms
  6479 | D:7      | Reached XP level 9. HP: 53/53 MP: 9/11
  6599 | D:7      | Noticed a two-headed ogre
  6605 | D:7      | Killed a two-headed ogre
  6641 | D:7      | Found Ogief's General Store.
  6887 | D:8      | Noticed Joseph
  6900 | D:8      | Killed Joseph
  7001 | D:8      | Reached skill level 5 in Air Magic
  7013 | D:8      | Mangled by a yak

Vault maps used:
D:1:      dpeg_arrival_fog, st_stairs_1, minmay_cut_off
D:2:      nemelex_xobeh_ov_fountains_minmay, trog_butcher_becter, uniq_terence
D:3:      nicolae_overflow_hidden_temple, grunt_gozag_statues,
          grunt_temple_overflow_open, kennysheep_generic_room_13
D:4:      fiery_altar_vehumet, minmay_temple_entry_nine_rooms, serial_shops,
          nicolae_shop_waterfront, first_bread
D:5:      old_forge
D:6:      lightli_temple_of_fire, portal_sewer_entry_b, minmay_misc_feat_room,
          uniq_grinder
D:7:      serial_shops, nicolae_shop_trees, mrwooster_statue_mirror
D:8:      bloody_trog, minitemple, hangedman_ranch, xom_confusion_cloud,
          uniq_joseph
Temple:   temple_island_7

Action                   |  1- 3 |  4- 6 |  7- 9 || total
-------------------------+-------+-------+-------++-------
Melee: Short sword       |    47 |    99 |   148 ||   294
 Cast: Swiftness         |       |       |     1 ||     1
Evoke: Wand              |       |    24 |     7 ||    31
  Use: Scroll            |     2 |       |     5 ||     7
       Potion            |       |       |     1 ||     1
 Stab: Sleeping          |    12 |    16 |    26 ||    54
       Confused          |       |       |     1 ||     1
  Eat: Chunk             |       |     9 |     6 ||    15
       Fruit             |       |       |     3 ||     3
       Pizza             |       |       |     1 ||     1
